 Dungeon Crawl Stone Soup version 0.31-a0-977-gc230f8ef24 (webtiles) character file.

Game seed: 8062002201878887029

14700 MirrMurr the Spear-Bearer (level 12, -2/112 HPs)
             Began as a Tengu Berserker on Oct 27, 2023.
             Was a Priest of Trog.
             Constricted to death by Jorgrun (7 damage)
             ... on level 12 of the Dungeon on Oct 29, 2023.
             The game lasted 00:37:48 (14218 turns).

MirrMurr the Spear-Bearer (Tengu Berserker)        Turns: 14218, Time: 00:37:49

Health: -2/112     AC: 10    Str: 21    XL:     12   Next: 19%
Magic:  13/13      EV: 16    Int:  8    God:    Trog [***...]
Gold:   1646       SH:  9    Dex: 15    Spells: 11/11 levels left

rFire   . . .        i - +2 whip (elec)
rCold   . . .        x - +0 kite shield
rNeg    . . .        H - +1 steam dragon scales
rPois   .            y - +2 hat
rElec   .            (no cloak)
rCorr   .            (no gloves)
SInv    +            (boots unavailable)
Will    ++...        (no amulet) Stlth
                     q - ring of see invisible
HPRegen 1.38/turn    (no ring)
MPRegen 0.13/turn

%: acrobat
@: berserking (expiring), grasped by roots, strong-willed, flying, regenerating,
constricted, very quick
A: beak, talons 3, evasive flight, acrobatic
a: Renounce Religion, Berserk, Trog's Hand


You were on level 12 of the Dungeon.
You worshipped Trog.
Trog was most pleased with you.
You visited 1 branch of the dungeon, and saw 12 of its levels.

You collected 1646 gold pieces.

Inventory:

Hand Weapons
 a - a +0 spear of freezing
 i - a +2 whip of electrocution (weapon)
 B - a +0 trident
 E - the +5 dagger of Defence {holy, *Noise Fly rF+ Stlth+}
   (You found it on level 6 of the Dungeon)

   rF+:       It protects you from fire.
   Fly:       It grants you flight.
   *Noise:    It may make a loud noise when swung.
   Stlth+:    It makes you more stealthy.
 L - a -1 demon whip of venom
Missiles
 c - 6 atropa-tipped darts
 h - 130 stones
 j - 28 poisoned darts
 k - 3 throwing nets
 v - 5 javelins
 w - 12 boomerangs (quivered)
 F - 2 curare-tipped darts
Armour
 b - the +0 hat of the Past {rF+ rN++}
   (You found it on level 4 of the Dungeon)

   rF+:       It protects you from fire.
   rN++:      It greatly protects you from negative energy.
 x - a +0 kite shield (worn)
 y - a +2 hat (worn)
 H - +1 steam dragon scales (worn)
Jewellery
 q - a ring of see invisible (left hand)
Talismans
 g - a beast talisman
Wands
 e - a wand of charming (11)
 p - a wand of flame (7)
 G - a wand of polymorph (5)
 J - a wand of roots (4)
Scrolls
 d - a scroll of revelation
 l - 4 scrolls of teleportation
 n - a scroll of fog
 o - a scroll of fear
 A - a scroll of enchant armour
 C - 3 scrolls of brand weapon
 D - a scroll of poison
 I - 3 scrolls of blinking
 M - 2 scrolls of immolation
Potions
 f - 7 potions of curing
 m - 4 potions of enlightenment
 r - a potion of attraction {unknown}
 s - a potion of lignification {unknown}
 t - a potion of mutation {unknown}
 u - 6 potions of invisibility {unknown}
 z - 2 potions of might {unknown}
 K - a potion of cancellation {unknown}
 N - 2 potions of brilliance {unknown}


   Skills:
 + Level 8.8 Fighting
 * Level 6.1 Maces & Flails
 - Level 11.3 Polearms
 + Level 5.1 Throwing
 + Level 9.2 Armour
 + Level 9.2 Dodging
 + Level 4.9 Shields
 + Level 0.0 Evocations


You had 11 spell levels left.
You didn't know any spells.
Your spell library was empty.

Dungeon Overview and Level Annotations

Branches:
Dungeon (12/15)            Temple (0/1) D:7            Lair (0/5) D:10
    Orc: D:9-12

Altars:
Gozag

Shops:
D:7 :   D:9 =

Annotations:
D:11 1 runed translucent door
D:12 3 runed translucent doors, exclusion: boulder beetle, Jorgrun; temujin's ghost, journeyman DECj


Innate Abilities, Weirdness & Mutations

You have a beak for a mouth.
You have claws for feet.
Your magical flight helps you evade attacks. (EV +4)
You can magically evade attacks while moving or waiting.


Message History

* * * LOW HITPOINT WARNING * * *
You barely miss Jorgrun. Your kick misses Jorgrun. Your peck misses Jorgrun.
Jorgrun is heavily wounded.
The centaur misses you. The centaur closely misses you.
You block the centaur's attack. The centaur kicks you.
* * * LOW HITPOINT WARNING * * *
The centaur shoots an arrow.
The arrow barely misses you.
Unknown command.
You closely miss Jorgrun. Your peck misses Jorgrun.
Jorgrun is heavily wounded.
The centaur closely misses you. You block the centaur's attack.
The centaur completely misses you. You block the centaur's attack.
You block Jorgrun's attack. The grasping roots constrict you.
* * * LOW HITPOINT WARNING * * *
The centaur shoots an arrow.
The arrow hits you.
* * * LOW HITPOINT WARNING * * *
The orc closely misses you.
You whack Jorgrun! Lightning courses through Jorgrun!
Jorgrun is severely wounded.
The centaur barely misses you. You block the centaur's attack.
The centaur hits you.
* * * LOW HITPOINT WARNING * * *
The centaur closely misses you.
The centaur shoots an arrow.
The arrow closely misses you. You block Jorgrun's attack.
The grasping roots constrict you!
* * * LOW HITPOINT WARNING * * *
The orc barely misses you.
You barely miss Jorgrun. Your kick misses Jorgrun. You peck Jorgrun.
Jorgrun is severely wounded.
The centaur closely misses you. You block the centaur's attack.
The centaur misses you. The centaur barely misses you.
The centaur shoots an arrow.
The arrow completely misses you.
Unknown command.
You whack Jorgrun! You peck Jorgrun!
Jorgrun is almost dead.
You block the centaur's attack. The centaur completely misses you.
You block the centaur's attack. The centaur kicks you.
* * * LOW HITPOINT WARNING * * *
Jorgrun misses you. The grasping roots constrict you!
You die...

#... #.# #...###.#
##.......#
.........# #
.........#
#.......occ#
#..#...c#gc# ##
#..# #.@c# ⌠P####
.... #...# ..#..#
#.#.###..## ..#..#
#.##...#.# ..+..##
#.###.##.#
..+...###.# #.##.#
.W+.......###.####
.W#...........#
..#..####.#####


You could see Jorgrun, 5 centaurs and an orc.

Vanquished Creatures
  Gastronok (D:10)
  3 two-headed ogres
  Amaemon (D:8)
  Pikel (D:7)
  An ugly thing (D:11)
  A manticore (D:11)
  An orange demon (D:8)
  Maggie (D:7)
  2 gargoyles (D:11)
  An unseen horror (D:11)
  Psyche (D:11)
  2 trolls
  A hornet (D:10)
  Prince Ribbit (D:8)
  Sigmund (D:3)
  20 yaks
  3 wyverns
  Menkaure (D:7)
  3 water moccasins
  An ice beast (D:6)
  2 sky beasts
  3 orc warriors
  2 ogres
  A centaur (D:8)
  2 phantoms
  2 lemures (D:7)
  4 kobold brigands
  2 gnoll sergeants (D:9)
  13 wights
  12 killer bees
  2 howler monkeys
  3 gnoll boudas
  3 orc priests (D:11)
  4 hounds
  4 jellies
  Natasha (thrice) (D:2)
  Terence (D:2)
  3 iguanas
  2 sleepcaps
  5 orc wizards
  19 gnolls
  3 adders
  A shadow imp (D:6)
  2 white imps (D:8)
  2 ufetubi (D:6)
  3 worms
  9 dart slugs
  32 orcs
  4 bats
  6 endoplasms
  A giant cockroach (D:1)
  5 goblins
  3 hobgoblins
  5 jackals (D:9)
  22 kobolds
  2 quokkas
  6 ball pythons
  3 frilled lizards
  A rat (D:1)
249 creatures vanquished.

Vanquished Creatures (others)
  An orc (D:7)
  A kobold (D:7)
2 creatures vanquished.

Grand Total: 251 creatures vanquished

Notes
Turn   | Place    | Note
-------+----------+-------------------------------------------
     0 | D:1      | MirrMurr the Tengu Berserker began the quest for the Orb.
     0 | D:1      | Reached XP level 1. HP: 14/14 MP: 2/2
   316 | D:1      | Reached XP level 2. HP: 19/19 MP: 3/3
   683 | D:2      | Noticed Terence
   813 | D:2      | Reached XP level 3. HP: 23/23 MP: 4/4
  1152 | D:2      | Reached skill level 4 in Polearms
  1168 | D:2      | Noticed Natasha
  1186 | D:2      | Killed Natasha
  1187 | D:2      | Reached XP level 4. HP: 23/28 MP: 5/5
  1196 | D:2      | Noticed Natasha
  1208 | D:2      | Killed Natasha
  1354 | D:2      | Noticed Natasha
  1361 | D:2      | Killed Natasha
  1365 | D:2      | Killed Terence
  1366 | D:2      | Reached XP level 5. HP: 27/32 MP: 6/6
  1550 | D:3      | Noticed Sigmund
  1558 | D:3      | Killed Sigmund
  1559 | D:3      | Reached skill level 5 in Polearms
  1559 | D:3      | Reached XP level 6. HP: 38/38 MP: 7/7
  1657 | D:3      | Reached ** piety under Trog
  1680 | D:3      | Found an opulent altar of Gozag.
  2320 | D:4      | Identified the +0 hat of the Past {rF+ rN++}
  3145 | D:5      | Entered Level 5 of the Dungeon
  3206 | D:5      | Gained mutation: Your magical flight helps you evade
                  | attacks. (EV +4) [Tengu growth]
  3206 | D:5      | Reached XP level 7. HP: 43/43 MP: 8/8
  3324 | D:5      | Reached skill level 6 in Polearms
  4000 | D:5      | Reached skill level 5 in Fighting
  4000 | D:5      | Reached skill level 7 in Polearms
  4000 | D:5      | Reached XP level 8. HP: 49/49 MP: 9/9
  4144 | D:5      | Upgraded the game from 0.31-a0-968-g24f9ace8b5 to
                  | 0.31-a0-971-g75a2e9a4b4
  4264 | D:6      | Reached skill level 5 in Armour
  4264 | D:6      | Reached skill level 5 in Dodging
  4687 | D:6      | Identified the +5 dagger of Defence {holy, *Noise Fly rF+
                  | Stlth+}
  5149 | D:6      | Reached *** piety under Trog
  5719 | D:6      | Reached skill level 8 in Polearms
  5834 | D:7      | Noticed Maggie
  5936 | D:7      | Killed Maggie
  5937 | D:7      | Reached XP level 9. HP: 53/55 MP: 10/10
  6099 | D:7      | Noticed Menkaure
  6198 | D:7      | Killed Menkaure
  6334 | D:7      | Found Voish's Vocational Training.
  6384 | D:7      | Reached skill level 9 in Polearms
  6548 | D:7      | Found a staircase to the Ecumenical Temple.
  6642 | D:7      | Noticed Pikel
  6660 | D:7      | Killed Pikel
  7076 | D:7      | Reached skill level 10 in Polearms
  7180 | D:7      | Reached XP level 10. HP: 49/61 MP: 11/11
  7681 | D:8      | Reached skill level 1 in Shields
  7770 | D:8      | Reached skill level 1 in Throwing
  7905 | D:8      | Noticed Prince Ribbit
  7918 | D:8      | Killed Prince Ribbit
  7962 | D:8      | Noticed Amaemon
  7963 | D:8      | Noticed an orange demon
  7983 | D:8      | Killed Amaemon
  7988 | D:8      | Killed an orange demon
  8615 | D:9      | Identified the of Noziw
  8681 | D:9      | Noticed a two-headed ogre
  8704 | D:8      | Killed a two-headed ogre
  8705 | D:8      | Reached skill level 11 in Polearms
  9318 | D:8      | Reached XP level 11. HP: 43/66 MP: 12/12
  9320 | D:8      | Reached skill level 1 in Maces & Flails
  9847 | D:8      | HP: 1/68 [killer bee (6)]
 10066 | D:9      | Found Bulog's Jewellery Shop.
 10447 | D:9      | Reached **** piety under Trog
 11044 | D:9      | Upgraded the game from 0.31-a0-971-g75a2e9a4b4 to
                  | 0.31-a0-977-gc230f8ef24
 11048 | D:10     | Entered Level 10 of the Dungeon
 11276 | D:10     | Found a staircase to the Lair.
 11555 | D:10     | Noticed Gastronok
 11555 | D:10     | Noticed a two-headed ogre
 11600 | D:10     | Killed a two-headed ogre
 11678 | D:10     | Killed Gastronok
 12059 | D:11     | Noticed Psyche
 12104 | D:11     | Noticed a red ugly thing
 12107 | D:11     | Found a runed translucent door.
 12107 | D:11     | Noticed a skeletal warrior
 12108 | D:11     | Noticed a boulder beetle
 12108 | D:11     | Noticed a wolf spider
 12108 | D:11     | Noticed a death knight
 12315 | D:11     | Killed Psyche
 12551 | D:11     | Reached skill level 5 in Maces & Flails
 12714 | D:11     | Noticed a death drake
 12759 | D:11     | Noticed a manticore
 13037 | D:11     | Reached XP level 12. HP: 70/75 MP: 13/13
 13490 | D:11     | Noticed a two-headed ogre
 13506 | D:11     | Killed a two-headed ogre
 13507 | D:11     | Reached skill level 5 in Throwing
 13706 | D:11     | Identified a scroll of acquirement
 13706 | D:11     | Acquired 890 gold pieces
 14150 | D:12     | Noticed a boulder beetle
 14168 | D:12     | Found a runed translucent gate.
 14169 | D:12     | Found a runed translucent gate.
 14169 | D:12     | Found a runed translucent gate.
 14170 | D:12     | Noticed temujin's ghost (journeyman DECj)
 14171 | D:12     | Noticed temujin's ghost (journeyman DECj)
 14196 | D:12     | Noticed Jorgrun
 14216 | D:12     | HP: 5/112 [constriction (7)]
 14218 | D:12     | Constricted to death by Jorgrun

Illustrated notes

Levels and vault maps discovered:
D:1:      dpeg_arrival_rooms_a, layout_loops_ring,
          hangedman_decor_clover_reticule
D:2:      layout_basic, uniq_natasha, uniq_terence
D:3:      layout_rooms, old_standard_altar, serial_bayou, serial_bayou_shore_b,
          serial_bayou_pond_d, serial_bayou_pond_d, serial_bayou_shore_b,
          uniq_sigmund
D:4:      minmay_chambers_of_fours, layout_loops_ring
D:5:      kennysheep_slugbush, layout_loops_ring
D:6:      layout_basic
D:7:      layout_cave_pools, minmay_temple_entry_overgrown,
          nicolae_shop_vocational, uniq_menkaure, uniq_maggie, uniq_pikel
D:8:      layout_cave_pods, minmay_misc_feat_secret_circle, uniq_prince_ribbit1,
          uniq_amaemon
D:9:      layout_cave_pools, serial_gnoll_camp, gnoll_camp_mini_shop,
          gnoll_camp_medium_01, gnoll_camp_mini_hut, gnoll_camp_mini_doghouse
D:10:     layout_irregular_city, lair_entry_dummy, uniq_gastronok
D:11:     layout_stronghold, serial_glass, glass_columns_a, glass_columns_c,
          dk_vineyard_2, minmay_st_funbox, uniq_psyche
D:12:     layout_loops_ring, david_orc_3, gammafunk_ghost_cemetery,
          minmay_misc_feat_rugged, uniq_jorgrun, uniq_erolcha, uniq_maurice

Skill      XL: |  1  2  3  4  5  6  7  8  9 10 11 12 |
---------------+-------------------------------------+-----
Polearms       | 4 5 7 8 10 11 | 11.3
Armour         | 3 4 6 7 8 9 |  9.2
Dodging        | 3 4 6 7 8 9 |  9.2
Fighting       | 4 5 6 7 8 |  8.8
Shields        | 2 4 |  4.9
Throwing       | 3 4 5 |  5.1
Maces & Flails | 5 6 |  6.1

Action                     |  1- 3 |  4- 6 |  7- 9 | 10-12 || total
---------------------------+-------+-------+-------+-------++-------
  Melee: Spear             |    17 |       |       |       ||    17
         Kick              |    10 |    26 |    98 |   175 ||   309
         Peck              |     5 |    18 |    54 |   103 ||   180
         Whip              |    29 |   101 |   297 |   555 ||   982
         Unarmed           |       |       |    22 |       ||    22
  Throw: Dart              |     2 |       |       |       ||     2
         Boomerang         |       |       |       |     1 ||     1
 Invoke: Berserk           |       |     2 |     4 |    11 ||    17
         Trog's Hand       |       |       |     1 |     8 ||     9
  Evoke: Wand              |       |       |       |     2 ||     2
    Use: Scroll            |       |     9 |     1 |    10 ||    20
         Potion            |       |       |     2 |     1 ||     3
   Stab: Invisible         |     1 |       |       |       ||     1
 Armour: Animal skin       |     1 |       |       |       ||     1
         Ring mail         |    15 |    16 |       |       ||    31
         Scale mail        |       |    28 |    58 |       ||    86
         Chain mail        |       |       |    42 |       ||    42
         Skin              |       |       |     3 |       ||     3
         Steam dragon scal |       |       |    31 |   281 ||   312
  Dodge: Dodged            |    17 |    62 |   255 |   573 ||   907
  Block: Buckler           |     3 |    14 |    59 |    90 ||   166
         Kite shield       |       |       |       |   116 ||   116

Table legend: (Time is in decaauts)
 A = Elapsed time spent in this place.
 B = Non-inter-level travel time spent in this place.
 C = Inter-level travel time spent in this place.
 D = Time resting spent in this place.
 E = Time spent auto-exploring this place.
 F = Levels seen in this place.
 G = Mean time per level.
                   A        B        C        D        E       F      G
               +--------+--------+--------+--------+--------+-----+--------+
         Total |  14494 |  13304 |   1190 |   1241 |   9093 |  12 | 1207.8 |
       Dungeon |  14494 |  13304 |   1190 |   1241 |   9093 |  12 | 1207.8 |
               +--------+--------+--------+--------+--------+-----+--------+

Top non-repeatable levels by time:
     D:8: 2520 daAuts
     D:6: 1866 daAuts
    D:11: 1740 daAuts
    D:10: 1393 daAuts
     D:7: 1385 daAuts
     D:9: 1275 daAuts
     D:5: 1011 daAuts
     D:4: 952 daAuts
     D:2: 767 daAuts
     D:3: 763 daAuts
     D:1: 746 daAuts
    D:12: 72 daAuts
